 Dungeon Crawl Stone Soup version 0.30.1-11-g7821555f0a (webtiles) character file.

Game seed: 18337045842213358167

27 Peloso the Trooper (level 2, -2/27 HPs)
             Began as a Minotaur Fighter on Nov 10, 2023.
             Slain by a gnoll
             ... wielding a +0 halberd
              (6 damage)
             ... on level 2 of the Dungeon.
             The game lasted 00:01:16 (674 turns).

Peloso the Trooper (Minotaur Fighter)                Turns: 674, Time: 00:01:16

Health: -2/27      AC: 14    Str: 20    XL:     2   Next: 93%
Magic:  1/1        EV:  5    Int:  5    God:
Gold:   68         SH:  4    Dex:  9    Spells: 1/1 levels left

rFire   . . .        a - +0 long sword
rCold   . . .        d - +0 buckler
rNeg    . . .        c - +0 plate armour
rPois   .            (helmet restricted)
rElec   .            k - +1 cloak
rCorr   .            (no gloves)
SInv    .            (no boots)
Will    .....        h - amulet of the acrobat Stlth
                     (no ring)
HPRegen 0.24/turn    (no ring)
MPRegen 0.07/turn

%: acrobat
@: no status effects
A: horns 2, retaliatory headbutt
a: no special abilities


You were on level 2 of the Dungeon.
You visited 1 branch of the dungeon, and saw 2 of its levels.

You collected 68 gold pieces.

Inventory:

Hand Weapons
 a - a +0 long sword (weapon)
Armour
 b - a +0 scale mail
 c - a +0 plate armour (worn)
 d - a +0 buckler (worn)
 k - a +1 cloak (worn)
Jewellery
 h - an amulet of the acrobat (around neck)
Scrolls
 g - a scroll of fear
Potions
 e - a potion of might


   Skills:
 + Level 4.1 Fighting
 + Level 2.8 Long Blades
 + Level 4.1 Armour
 + Level 4.0 Shields


You had one spell level left.
You didn't know any spells.
Your spell library contained the following spells:

 Spells                   Type           Power      Damage    Failure   Level
 Freeze                   Ice            0%         1d3       100%        1
 Frozen Ramparts          Ice            0%         1d1       100%        3
 Hailstorm                Conj/Ice       0%         3d3       100%        3


Dungeon Overview and Level Annotations

Branches:
Dungeon (2/15)

Altars:


Innate Abilities, Weirdness & Mutations

You have a pair of horns on your head.
You reflexively headbutt those who attack you in melee.


Message History

Found a robe.
The gnoll shouts!
You hear a shout!
A gnoll comes into view. It is wielding a +0 flail.
A gnoll comes into view. It is wielding a +0 halberd.
The gnoll shouts!
The endoplasm closely misses you.
You hit the endoplasm but do no damage. The endoplasm freezes you.
You are frozen.
You hit the endoplasm. You headbutt the endoplasm.
You kill the endoplasm!
You see here a +0 mace.
The gnoll misses you. You furiously retaliate!
You headbutt the gnoll!
You kill the gnoll!
Your Shields skill increases to level 4!
You see here a +0 mace.
The gnoll completely misses you. You furiously retaliate!
You headbutt the gnoll, but do no damage.
You hit the gnoll.
The gnoll is lightly wounded.
The gnoll hits you from afar with a +0 halberd!
The gnoll hits you with a +0 flail.
You hit the gnoll but do no damage. Your headbutt misses the gnoll.
The gnoll is lightly wounded.
The gnoll hits you from afar with a +0 halberd.
The gnoll hits you but does no damage. The gnoll hits you with a +0 flail.
The gnoll barely misses you.
You hit the gnoll.
The gnoll is moderately wounded.
The gnoll hits you from afar with a +0 halberd.
The gnoll hits you with a +0 flail!
You barely miss the gnoll.
The gnoll is moderately wounded.
The gnoll closely misses you. The gnoll hits you with a +0 flail.
* * * LOW HITPOINT WARNING * * *
You hit the gnoll but do no damage.
The gnoll is moderately wounded.
The gnoll hits you but does no damage. You block the gnoll's attack.
The gnoll hits you from afar with a +0 halberd.
You die...

#. ############# .#
.. #...........###.#
.# #.# #####.....#.#
g##
##.#######.###.#.#
.. ##...#.gg@..#
#...# .#
##.#.#..####.###...#
)######.......#
#.......#
......)....#..#
####.##..#####.
.######.....#.#
#......<....... .#
#..#.##.#
#.#####.####### .#
#.......... #.# .#
#....##.## #.# .#
#.#.###.# #.#


You could see 2 gnolls.

Vanquished Creatures
  A gnoll (D:2)
  2 ball pythons (D:1)
  2 bats (D:1)
  An endoplasm (D:2)
  A giant cockroach (D:1)
  2 goblins (D:1)
  A kobold (D:1)
  2 quokkas (D:1)
  2 frilled lizards (D:1)
  3 rats (D:1)
17 creatures vanquished.

Notes
Turn   | Place    | Note
-------+----------+-------------------------------------------
     0 | D:1      | Peloso the Minotaur Fighter began the quest for the Orb.
     0 | D:1      | Reached XP level 1. HP: 19/19 MP: 0/0
   280 | D:1      | Reached XP level 2. HP: 26/27 MP: 1/1
   491 | D:1      | Found a faded altar of an unknown god.
   674 | D:2      | Slain by a gnoll

Illustrated notes

Levels and vault maps discovered:
D:1:      dpeg_arrival_rhombus, layout_rooms, dreamdust_ecumenical_altar_grove,
          minmay_octomino_e4
D:2:      layout_loops_ring, minmay_pentomino_pile, uniq_jessica

Skill      XL: |  1  2 |
---------------+-------+-----
Armour         | 4 |  4.1
Fighting       | 4 |  4.1
Shields        | 4 |  4.0
Long Blades    | |  2.8

Action                     || total
---------------------------++-------
  Melee: Long sword        ||    38
         Headbutt          ||     3
    Use: Potion            ||     3
         Scroll            ||     1
 Armour: Plate armour      ||    25
         Scale mail        ||     3
  Dodge: Dodged            ||    16
  Block: Buckler           ||     8
